Devils vs Oilers
(R1)
Created - 3 novembre 2013 at 19:17
Goals
|
| Devils |
0 |
2 |
1 |
0 |
0 |
3 |
| Oilers |
0 |
1 |
2 |
0 |
1 |
4 |
|
Shots
|
| Devils |
3 |
6 |
9 |
2 |
3 |
20 |
| Oilers |
6 |
9 |
13 |
1 |
3 |
29 |
|
1st period
No Goal
Penalties :
Joe Callahan (Edm) for Tripping (Minor) at 1:22, Rob Scuderi (Edm) for Interference (Minor) at 10:56
2nd period
1. Devils , François Beauchemin 3 (Tomas Holmstrom, Peter Prucha) at 5:49
2. Devils , Sydney Crosby 3 (Henrik Zetterberg, Marian Hossa) at 7:48
3. Oilers , Ilya Kovalchuk 5 (Jonathan Toews) at 18:19
Penalties :
Marian Hossa (NJD) for Hooking (Minor) at 0:55, Andreas Johansson (Edm) for Roughing (Minor) at 3:08, Andreas Johansson (Edm) for Slashing (Minor) at 9:01, Johnny Oduya (NJD) for Tripping (Minor) at 13:47
3rd period
4. Oilers , Ilya Kovalchuk 6 (Brad Boyes, Pavel Datsyuk) at 5:15
5. Devils , Teemu Selanne 1 (Dustin Boyd, Tomas Holmstrom) at 16:35
6. Oilers , Pavel Datsyuk 6 (Joe Callahan, Markus Naslund) at 17:46
Penalties :
Pavel Datsyuk (Edm) for Roughing (Minor) at 0:06, Joe Pavelski (Edm) for Holding (Minor) at 2:48, Henrik Zetterberg (NJD) for Interference (Minor) at 9:08, Sydney Crosby (NJD) for Hooking (Minor) at 13:44
Overtime #1
No Goal
Penalties :
No Penalty
Shootout
Penalty Shot by Sydney Crosby for Devils - Stopped by Cam Ward
Penalty Shot by Ilya Kovalchuk for Oilers - Stopped by Dan Ellis
Penalty Shot by Henrik Zetterberg for Devils - Stopped by Cam Ward
Penalty Shot by Pavel Datsyuk for Oilers - Stopped by Dan Ellis
Penalty Shot by Marian Hossa for Devils - Stopped by Cam Ward
Penalty Shot by Brad Boyes for Oilers - Goal!
Penalties :
No Penalty
Goalie Stats
Dan Ellis (NJD), 26 saves from 29 shots - (0,897), OTL, 0-1-1, 65:00 minutes
Cam Ward (Edm), 17 saves from 20 shots - (0,850), W, 3-2-1, 65:00 minutes
Players Stats for Devils
Player Name G A P +/- PIM S H SB GA TA FO MP PP MP PK MP
------------------------------------------------------------------------------------
Ben Lovejoy 0 0 0 0 0 1 2 0 0 1 0/0 27:01 6:20 0:14
Chris Kunitz 0 0 0 0 0 0 3 0 0 0 1/2 13:13 0:08 3:20
Doug Weight 0 0 0 -1 0 1 1 2 1 0 4/15 18:49 0:00 4:01
Dustin Boyd 0 1 1 0 0 1 0 0 0 0 1/5 13:03 4:50 1:00
François Beauchemin 1 0 1 0 0 1 1 4 1 2 0/0 30:33 6:20 4:25
Greg De Vries 0 0 0 0 0 0 0 0 0 0 0/0 13:14 0:00 4:25
Henrik Zetterberg 0 1 1 1 2 2 3 0 3 1 0/1 22:34 4:51 2:52
Jason Williams 0 0 0 0 0 0 0 0 0 0 0/3 7:22 0:00 0:14
Johnny Oduya 0 0 0 0 2 2 1 0 1 0 0/0 24:43 5:34 2:39
Lee Stempniak 0 0 0 0 0 0 1 0 1 0 1/1 13:37 4:50 0:00
Marek Zidlicky 0 0 0 0 0 1 1 1 0 1 0/0 23:32 5:34 3:31
Marian Hossa 0 1 1 1 2 1 0 0 1 0 3/3 19:25 6:52 0:00
Matt Smaby 0 0 0 0 0 0 0 1 1 0 0/0 10:59 0:00 0:38
Peter Prucha 0 1 1 -1 0 3 0 1 0 0 0/0 14:19 0:15 0:00
Ramzi Abid 0 0 0 -1 0 1 2 1 0 0 0/2 20:19 6:52 1:24
Sydney Crosby 1 0 1 1 2 4 5 0 0 0 11/26 21:39 6:52 1:03
Teemu Selanne 1 0 1 0 0 2 0 0 0 0 1/1 10:16 0:12 1:44
Tomas Holmstrom 0 2 2 0 0 0 2 0 1 0 0/0 7:22 0:00 0:14
Players Stats for Oilers
Player Name G A P +/- PIM S H SB GA TA FO MP PP MP PK MP
------------------------------------------------------------------------------------
Andreas Johansson 0 0 0 -1 4 1 0 0 0 0 2/2 7:26 0:00 0:25
Brad Boyes 0 1 1 1 0 1 1 0 0 0 0/1 16:29 4:00 0:00
Duncan Keith 0 0 0 1 0 3 3 2 0 2 0/0 28:54 4:59 6:17
Eric Nystrom 0 0 0 -1 0 0 0 0 0 2 1/1 6:04 0:00 0:00
Erik Rasmussen 0 0 0 -1 0 2 0 0 0 1 5/11 14:50 0:00 5:24
Ian White 0 0 0 2 0 2 0 0 0 1 0/0 24:33 4:59 1:48
Ilya Kovalchuk 2 0 2 1 0 6 4 0 1 0 0/0 18:21 4:00 0:00
Joe Callahan 0 1 1 0 2 1 0 0 1 0 0/0 25:03 2:57 4:36
Joe Pavelski 0 0 0 1 2 4 1 0 0 1 0/0 19:00 3:56 0:00
Jonathan Toews 0 1 1 1 0 2 4 1 0 1 12/18 18:43 3:51 0:33
Karel Pilar 0 0 0 -2 0 0 1 0 2 0 0/0 14:21 2:57 0:42
Markus Naslund 0 1 1 1 0 1 3 1 0 0 0/0 17:38 3:56 1:14
Pascal Dupuis 0 0 0 -1 0 0 0 1 0 1 0/0 12:09 0:00 5:18
Patrick Kaleta 0 0 0 -1 0 0 3 0 1 0 0/0 8:03 0:09 0:00
Pavel Datsyuk 1 1 2 1 2 6 4 0 0 0 17/26 24:38 3:56 4:59
Rob Scuderi 0 0 0 -2 2 0 1 0 0 0 0/0 15:20 0:00 4:31
Steve Begin 0 0 0 -1 0 0 2 0 0 1 0/0 14:17 0:00 5:55
Steve Montador 0 0 0 1 0 0 4 2 0 0 0/0 22:11 0:00 5:54
3 Stars
1 - Ilya Kovalchuk (Edm)
2 - Pavel Datsyuk (Edm)
3 - Sydney Crosby (NJD)
Power Play
Devils - 0 on 6 Attempt(s) - 0,00%
Oilers - 0 on 4 Attempt(s) - 0,00%
Penalty Kill
Devils - 4 on 4 Attempt(s) - 100,00%
- Score 0 goal in Penalty Kill
Oilers - 6 on 6 Attempt(s) - 100,00%
- Score 0 goal in Penalty Kill
Official
Referees : LaRue Dennis and Furlatt Eric
Linesman : Derek Nansen and Steve Miller
Game Notes
5:49 of 2nd period - Devils goal is going for a video replay. After video review, Goal.
Finance
Level 1 -- Attendance: 5041 (84,02%) -- Ticket Income 438 567 $
Level 2 -- Attendance: 4529 (90,58%) -- Ticket Income 240 037 $
Level 3 -- Attendance: 1751 (87,55%) -- Ticket Income 52 530 $
Level 4 -- Attendance: 3048 (76,20%) -- Ticket Income 64 008 $
Luxury Box -- Attendance: 834 (83,40%) -- Ticket Income 142 614 $
Game was played at the Rexall Place
Total Attendance: 15203 (84,46%)
Total Ticket Income: 937 756 $
Other Income: 140 663 $
Total Income: 1 078 419 $
Devils
5 vs 5 Forward
Center Left Wing Right Wing Time % Phy DF OF
1 Sydney Crosby Henrik Zetterberg Marian Hossa 40 0 2 3
2 Doug Weight Ramzi Abid Peter Prucha 30 0 2 3
3 Dustin Boyd Chris Kunitz Teemu Selanne 20 0 2 3
4 Jason Williams Tomas Holmstrom Lee Stempniak 10 0 2 3
5 vs 5 Defense
Defense Defense Time % Phy DF OF
1 François Beauchemin Ben Lovejoy 40 0 3 2
2 Marek Zidlicky Johnny Oduya 30 0 3 2
3 Matt Smaby Greg De Vries 20 0 4 1
4 Johnny Oduya Matt Smaby 10 0 3 2
PowerPlay Forward
Center Left Wing Right Wing Time % Phy DF OF
1 Sydney Crosby Ramzi Abid Marian Hossa 60 0 1 4
2 Dustin Boyd Henrik Zetterberg Lee Stempniak 40 0 1 4
PowerPlay Defense
Defense Defense Time % Phy DF OF
1 Ben Lovejoy François Beauchemin 60 0 2 3
2 Johnny Oduya Marek Zidlicky 40 0 2 3
Penalty Kill 4 Players Forward
Center Wing Time % Phy DF OF
1 Doug Weight Henrik Zetterberg 60 1 2 2
2 Sydney Crosby Teemu Selanne 40 1 2 2
Penalty Kill 4 Players Defense
Defense Defense Time % Phy DF OF
1 Greg De Vries François Beauchemin 60 1 2 2
2 Johnny Oduya Marek Zidlicky 40 1 2 2
Penalty Kill - 3 Players Forward
Forward Time % Phy DF OF
1 Doug Weight 60 1 2 2
2 Sydney Crosby 40 1 2 2
Penalty Kill - 3 Players Defense
Defense Defense Time % Phy DF OF
1 Marek Zidlicky François Beauchemin 60 1 2 2
2 Johnny Oduya Greg De Vries 40 1 2 2
4 vs 4 Forward
Center Wing Time % Phy DF OF
1 Doug Weight Henrik Zetterberg 60 0 2 3
2 Sydney Crosby Ramzi Abid 40 0 2 3
4 vs 4 Defense
Defense Defense Time % Phy DF OF
1 Johnny Oduya Ben Lovejoy 60 1 2 2
2 François Beauchemin Marek Zidlicky 40 1 2 2
Last Minutes Offensive
Center Left Wing Right Wing Defense Defense
Sydney Crosby Henrik Zetterberg Marian Hossa Ben Lovejoy François Beauchemin
Last Minutes Defensive
Center Left Wing Right Wing Defense Defense
Sydney Crosby Henrik Zetterberg Marian Hossa Marek Zidlicky François Beauchemin
Goaltenders
Starting : Dan Ellis
Backup : Jimmy Howard
Extra Forwards
Normal : Lee Stempniak, Peter Prucha, Chris Kunitz - PP : Lee Stempniak, Peter Prucha - PK : Chris Kunitz
Extra Defensemen
Normal : Ben Lovejoy, Matt Smaby, Johnny Oduya - PP : Ben Lovejoy - PK : Matt Smaby, Johnny Oduya
Penalty Shots
Sydney Crosby, Henrik Zetterberg, Marian Hossa, Teemu Selanne, Ramzi Abid
Oilers
5 vs 5 Forward
Center Left Wing Right Wing Time % Phy DF OF
1 Pavel Datsyuk Markus Naslund Joe Pavelski 35 1 1 3
2 Jonathan Toews Ilya Kovalchuk Brad Boyes 35 1 1 3
3 Erik Rasmussen Steve Begin Patrick Kaleta 20 1 2 2
4 Andreas Johansson Eric Nystrom Pascal Dupuis 10 1 2 2
5 vs 5 Defense
Defense Defense Time % Phy DF OF
1 Ian White Steve Montador 35 1 2 2
2 Duncan Keith Joe Callahan 35 1 2 2
3 Karel Pilar Rob Scuderi 25 1 2 2
4 Ian White Duncan Keith 5 0 2 3
PowerPlay Forward
Center Left Wing Right Wing Time % Phy DF OF
1 Pavel Datsyuk Markus Naslund Joe Pavelski 50 1 1 3
2 Jonathan Toews Ilya Kovalchuk Brad Boyes 50 1 1 3
PowerPlay Defense
Defense Defense Time % Phy DF OF
1 Ian White Duncan Keith 60 0 2 3
2 Karel Pilar Joe Callahan 40 0 2 3
Penalty Kill 4 Players Forward
Center Wing Time % Phy DF OF
1 Erik Rasmussen Pascal Dupuis 50 1 3 1
2 Pavel Datsyuk Steve Begin 50 1 3 1
Penalty Kill 4 Players Defense
Defense Defense Time % Phy DF OF
1 Joe Callahan Rob Scuderi 50 1 3 1
2 Duncan Keith Steve Montador 50 1 3 1
Penalty Kill - 3 Players Forward
Forward Time % Phy DF OF
1 Pavel Datsyuk 50 1 3 1
2 Ilya Kovalchuk 50 1 3 1
Penalty Kill - 3 Players Defense
Defense Defense Time % Phy DF OF
1 Duncan Keith Steve Montador 50 1 4 0
2 Joe Callahan Rob Scuderi 50 1 4 0
4 vs 4 Forward
Center Wing Time % Phy DF OF
1 Pavel Datsyuk Joe Pavelski 50 1 1 3
2 Jonathan Toews Ilya Kovalchuk 50 1 1 3
4 vs 4 Defense
Defense Defense Time % Phy DF OF
1 Ian White Steve Montador 50 0 2 3
2 Duncan Keith Joe Callahan 50 0 2 3
Last Minutes Offensive
Center Left Wing Right Wing Defense Defense
Pavel Datsyuk Ilya Kovalchuk Joe Pavelski Duncan Keith Ian White
Last Minutes Defensive
Center Left Wing Right Wing Defense Defense
Pavel Datsyuk Ilya Kovalchuk Joe Pavelski Duncan Keith Rob Scuderi
Goaltenders
Starting : Cam Ward
Backup : Scott Clemmensen
Extra Forwards
Normal : Jonathan Toews, Pavel Datsyuk, Ilya Kovalchuk - PP : Patrick Kaleta, Steve Begin - PK : Markus Naslund
Extra Defensemen
Normal : Duncan Keith, Steve Montador, Ian White - PP : Steve Montador - PK : Ian White, Karel Pilar
Penalty Shots
Ilya Kovalchuk, Pavel Datsyuk, Brad Boyes, Markus Naslund, Joe Pavelski
% Time on Ice - Devils
Lines # - Real PCT - Wanted PCT - Time Play
Normal Forward
1 - 33% - 40% - 13:12
2 - 32% - 30% - 12:45
3 - 18% - 20% - 7:08
4 - 18% - 10% - 7:05
Normal Defense
1 - 46% - 40% - 18:18
2 - 32% - 30% - 12:42
3 - 20% - 20% - 7:59
4 - 3% - 10% - 1:11
PP Forward
1 - 59% - 60% - 7:00
2 - 41% - 40% - 4:54
PP Defense
1 - 53% - 60% - 6:20
2 - 47% - 40% - 5:34
PK Forward
1 - 78% - 60% - 6:12
2 - 22% - 40% - 1:44
PK Defense
1 - 56% - 60% - 4:25
2 - 44% - 40% - 3:31
PK3 Forward
1 - 0% - 60%
2 - 0% - 40%
PK3 Defense
1 - 0% - 60%
2 - 0% - 40%
44 Forward
1 - 75% - 60% - 3:44
2 - 25% - 40% - 1:16
44 Defense
1 - 65% - 60% - 3:15
2 - 35% - 40% - 1:45
Last Minute Offensive - 0:00
Last Minute Defensive - 0:00
Total
Forward - 65:00
Defense - 65:00
|
% Time on Ice - Oilers
Lines # - Real PCT - Wanted PCT - Time Play
Normal Forward
1 - 34% - 35% - 13:39
2 - 31% - 35% - 12:33
3 - 20% - 20% - 7:54
4 - 15% - 10% - 6:04
Normal Defense
1 - 38% - 35% - 15:12
2 - 34% - 35% - 13:48
3 - 26% - 25% - 10:24
4 - 2% - 5% - 0:46
PP Forward
1 - 50% - 50% - 3:56
2 - 50% - 50% - 4:00
PP Defense
1 - 63% - 60% - 4:59
2 - 37% - 40% - 2:57
PK Forward
1 - 46% - 50% - 5:30
2 - 54% - 50% - 6:24
PK Defense
1 - 50% - 50% - 6:00
2 - 50% - 50% - 5:54
PK3 Forward
1 - 0% - 50%
2 - 0% - 50%
PK3 Defense
1 - 0% - 50%
2 - 0% - 50%
44 Forward
1 - 55% - 50% - 2:46
2 - 45% - 50% - 2:14
44 Defense
1 - 56% - 50% - 2:47
2 - 44% - 50% - 2:13
Last Minute Offensive - 0:00
Last Minute Defensive - 0:00
Total
Forward - 65:00
Defense - 65:00
|
Play by Play
1st period
0:01 of 1st period - Sydney Crosby wins face-off versus Pavel Datsyuk in neutral zone.
0:04 of 1st period - Wrist shot by Henrik Zetterberg.
0:04 of 1st period - Stopped by Cam Ward with a rebound.
0:58 of 1st period - Wrist shot by Teemu Selanne.
0:58 of 1st period - Stopped by Cam Ward with a rebound.
1:08 of 1st period - Greg De Vries is hit by Duncan Keith and loses puck.
1:22 of 1st period - Minor Penalty to Joe Callahan for Tripping.
1:23 of 1st period - Sydney Crosby wins face-off versus Erik Rasmussen in Oilers zone.
1:48 of 1st period - Rob Scuderi is hit by Ben Lovejoy and loses puck.
3:22 of 1st period - Penalty to Joe Callahan is over, Joe Callahan is back on ice.
3:26 of 1st period - Karel Pilar is hit by Chris Kunitz and loses puck.
3:36 of 1st period - Teemu Selanne is hit by Steve Montador and loses puck.
3:45 of 1st period - Slapshot by Pascal Dupuis.
3:45 of 1st period - Deflect By Joe Callahan.
3:45 of 1st period - Shot Misses the Net.
3:45 of 1st period - Puck is out of play.
3:46 of 1st period - Doug Weight wins face-off versus Jonathan Toews in Devils zone.
4:03 of 1st period - Matt Smaby is hit by Pavel Datsyuk and loses puck.
4:19 of 1st period - Icing by Matt Smaby.
4:20 of 1st period - Sydney Crosby wins face-off versus Brad Boyes in Devils zone.
5:53 of 1st period - Snap shot by Jonathan Toews.
5:53 of 1st period - Shot Misses the Net.
7:01 of 1st period - Icing by Ian White.
7:02 of 1st period - Jonathan Toews wins face-off versus Jason Williams in Oilers zone.
7:45 of 1st period - Off-side.
7:46 of 1st period - Sydney Crosby wins face-off versus Pavel Datsyuk in neutral zone.
7:48 of 1st period - Off-side.
7:49 of 1st period - Sydney Crosby wins face-off versus Pavel Datsyuk in neutral zone.
8:04 of 1st period - Snap shot by Joe Pavelski.
8:04 of 1st period - Stopped by Dan Ellis with a rebound.
8:20 of 1st period - Wrist shot by Ramzi Abid.
8:20 of 1st period - Stopped by Cam Ward without a rebound.
8:21 of 1st period - Jonathan Toews wins face-off versus Doug Weight in Oilers zone.
8:34 of 1st period - Snap shot by Peter Prucha.
8:34 of 1st period - Shot Misses the Net.
8:45 of 1st period - Karel Pilar is hit by François Beauchemin and loses puck.
8:52 of 1st period - Wrist shot by Ilya Kovalchuk.
8:52 of 1st period - Stopped by Dan Ellis with a rebound.
8:54 of 1st period - Wrist shot by Ilya Kovalchuk.
8:54 of 1st period - Shot Blocked by Ramzi Abid.
9:12 of 1st period - Ramzi Abid is hit by Duncan Keith and loses puck.
9:23 of 1st period - Wrist shot by Jonathan Toews.
9:23 of 1st period - Shot Misses the Net.
9:31 of 1st period - Snap shot by Ilya Kovalchuk.
9:31 of 1st period - Shot Blocked by François Beauchemin.
9:33 of 1st period - Backhand shot by Jonathan Toews.
9:33 of 1st period - Shot Misses the Net.
9:35 of 1st period - Wrist shot by Ilya Kovalchuk.
9:35 of 1st period - Stopped by Dan Ellis without a rebound.
9:36 of 1st period - Pavel Datsyuk wins face-off versus Sydney Crosby in Devils zone.
9:51 of 1st period - Snap shot by Joe Pavelski.
9:51 of 1st period - Shot Misses the Net.
10:43 of 1st period - Snap shot by Joe Pavelski.
10:43 of 1st period - Deflect By Markus Naslund.
10:43 of 1st period - Stopped by Dan Ellis with a rebound.
10:45 of 1st period - Wrist shot by Pavel Datsyuk.
10:45 of 1st period - Stopped by Dan Ellis without a rebound.
10:46 of 1st period - Chris Kunitz wins face-off versus Pavel Datsyuk in Devils zone.
10:56 of 1st period - Minor Penalty to Rob Scuderi for Interference.
10:57 of 1st period - Sydney Crosby wins face-off versus Erik Rasmussen in Oilers zone.
10:58 of 1st period - Snap shot by Marian Hossa.
10:58 of 1st period - Shot Misses the Net.
11:00 of 1st period - Slapshot by Sydney Crosby.
11:00 of 1st period - Shot Misses the Net.
11:55 of 1st period - Ian White is hit by Ramzi Abid and loses puck.
12:56 of 1st period - Penalty to Rob Scuderi is over, Rob Scuderi is back on ice.
13:33 of 1st period - Wrist shot by Andreas Johansson.
13:33 of 1st period - Deflect By Peter Prucha.
13:33 of 1st period - Stopped by Dan Ellis with a rebound.
14:40 of 1st period - Peter Prucha is hit by Patrick Kaleta and loses puck.
16:05 of 1st period - Steve Montador is hit by Chris Kunitz and loses puck.
16:16 of 1st period - Ben Lovejoy is hit by Steve Montador and loses puck.
16:29 of 1st period - Greg De Vries is hit by Markus Naslund and loses puck.
16:44 of 1st period - Karel Pilar is hit by Chris Kunitz and loses puck.
17:31 of 1st period - Lee Stempniak is hit by Jonathan Toews and loses puck.
17:48 of 1st period - Wrist shot by Dustin Boyd.
17:48 of 1st period - Shot Misses the Net.
18:32 of 1st period - Marek Zidlicky is hit by Patrick Kaleta.
18:42 of 1st period - Marian Hossa is hit by Duncan Keith and loses puck.
19:21 of 1st period - Johnny Oduya is hit by Karel Pilar and loses puck.
19:34 of 1st period - Doug Weight is hit by Ilya Kovalchuk and loses puck.
2nd period
0:01 of 2nd period - Pavel Datsyuk wins face-off versus Henrik Zetterberg in neutral zone.
0:14 of 2nd period - Icing by Sydney Crosby.
0:15 of 2nd period - Jonathan Toews wins face-off versus Sydney Crosby in Devils zone.
0:22 of 2nd period - Wrist shot by Jonathan Toews.
0:22 of 2nd period - Shot Misses the Net.
0:42 of 2nd period - Wrist shot by Henrik Zetterberg.
0:42 of 2nd period - Shot Blocked by Jonathan Toews.
0:55 of 2nd period - Minor Penalty to Marian Hossa for Hooking.
0:56 of 2nd period - Doug Weight wins face-off versus Pavel Datsyuk in Devils zone.
2:41 of 2nd period - Pavel Datsyuk is hit by Marek Zidlicky and loses puck.
2:48 of 2nd period - Johnny Oduya is hit by Markus Naslund and loses puck.
2:55 of 2nd period - Penalty to Marian Hossa is over, Marian Hossa is back on ice.
3:08 of 2nd period - Minor Penalty to Andreas Johansson for Roughing.
3:09 of 2nd period - Sydney Crosby wins face-off versus Erik Rasmussen in Oilers zone.
5:03 of 2nd period - François Beauchemin is hit by Pavel Datsyuk and loses puck.
5:08 of 2nd period - Penalty to Andreas Johansson is over, Andreas Johansson is back on ice.
5:22 of 2nd period - Snap shot by Ilya Kovalchuk.
5:22 of 2nd period - Shot Misses the Net.
5:47 of 2nd period - Snap shot by Tomas Holmstrom.
5:47 of 2nd period - Shot Misses the Net.
5:49 of 2nd period - Slapshot by François Beauchemin.
5:49 of 2nd period - Devils goal is going for a video replay.
5:49 of 2nd period - The goal is good.
5:49 of 2nd period - Goal by François Beauchemin - Devils : 1 - Oilers : 0.
5:50 of 2nd period - Jonathan Toews wins face-off versus Sydney Crosby in neutral zone.
6:05 of 2nd period - Sydney Crosby is hit by Jonathan Toews and loses puck.
6:29 of 2nd period - Off-side.
6:30 of 2nd period - Marian Hossa wins face-off versus Pavel Datsyuk in neutral zone.
6:37 of 2nd period - Wrist shot by Henrik Zetterberg.
6:37 of 2nd period - Stopped by Cam Ward without a rebound.
6:38 of 2nd period - Sydney Crosby wins face-off versus Pavel Datsyuk in Oilers zone.
7:00 of 2nd period - Icing by Matt Smaby.
7:01 of 2nd period - Sydney Crosby wins face-off versus Jonathan Toews in Devils zone.
7:01 of 2nd period - Sydney Crosby is hit by Jonathan Toews.
7:09 of 2nd period - Snap shot by Ilya Kovalchuk.
7:09 of 2nd period - Stopped by Dan Ellis without a rebound.
7:10 of 2nd period - Pavel Datsyuk wins face-off versus Doug Weight in Devils zone.
7:11 of 2nd period - Wrist shot by Joe Pavelski.
7:11 of 2nd period - Stopped by Dan Ellis with a rebound.
7:48 of 2nd period - Snap shot by Sydney Crosby.
7:48 of 2nd period - Goal by Sydney Crosby - Devils : 2 - Oilers : 0.
7:49 of 2nd period - Pavel Datsyuk wins face-off versus Sydney Crosby in neutral zone.
7:49 of 2nd period - Pavel Datsyuk is hit by Henrik Zetterberg.
7:59 of 2nd period - Snap shot by Markus Naslund.
7:59 of 2nd period - Shot Misses the Net.
8:15 of 2nd period - François Beauchemin is hit by Steve Begin and loses puck.
9:00 of 2nd period - Wrist shot by Peter Prucha.
9:00 of 2nd period - Stopped by Cam Ward with a rebound.
9:01 of 2nd period - Minor Penalty to Andreas Johansson for Slashing.
9:02 of 2nd period - Marian Hossa wins face-off versus Erik Rasmussen in Oilers zone.
9:13 of 2nd period - Snap shot by Marian Hossa.
9:13 of 2nd period - Shot Misses the Net.
9:25 of 2nd period - Wrist shot by Pavel Datsyuk.
9:25 of 2nd period - Stopped by Dan Ellis without a rebound.
9:26 of 2nd period - Pavel Datsyuk wins face-off versus Dustin Boyd in Devils zone.
10:09 of 2nd period - Icing by Sydney Crosby.
10:10 of 2nd period - Erik Rasmussen wins face-off versus Sydney Crosby in Devils zone.
10:30 of 2nd period - Slapshot by Marek Zidlicky.
10:30 of 2nd period - Shot Misses the Net.
10:32 of 2nd period - Wrist shot by Marian Hossa.
10:32 of 2nd period - Shot Misses the Net.
10:55 of 2nd period - Pavel Datsyuk is hit by Sydney Crosby.
10:59 of 2nd period - Snap shot by Sydney Crosby.
10:59 of 2nd period - Shot Blocked by Duncan Keith.
11:01 of 2nd period - Penalty to Andreas Johansson is over, Andreas Johansson is back on ice.
11:01 of 2nd period - Slapshot by Marek Zidlicky.
11:01 of 2nd period - Shot Blocked by Duncan Keith.
11:03 of 2nd period - Slapshot by Marek Zidlicky.
11:03 of 2nd period - Shot Misses the Net.
11:05 of 2nd period - Wrist shot by Sydney Crosby.
11:05 of 2nd period - Stopped by Cam Ward without a rebound.
11:06 of 2nd period - Jonathan Toews wins face-off versus Dustin Boyd in Oilers zone.
11:11 of 2nd period - Slapshot by Ian White.
11:11 of 2nd period - Shot Misses the Net.
11:13 of 2nd period - Slapshot by Ian White.
11:13 of 2nd period - Stopped by Dan Ellis with a rebound.
11:15 of 2nd period - Snap shot by Jonathan Toews.
11:15 of 2nd period - Stopped by Dan Ellis with a rebound.
11:17 of 2nd period - Snap shot by Jonathan Toews.
11:17 of 2nd period - Shot Misses the Net.
11:39 of 2nd period - Snap shot by Ian White.
11:39 of 2nd period - Stopped by Dan Ellis with a rebound.
12:26 of 2nd period - Joe Callahan is hit by Ben Lovejoy.
13:02 of 2nd period - Matt Smaby is hit by Steve Begin and loses puck.
13:25 of 2nd period - Pascal Dupuis is hit by Doug Weight and loses puck.
13:37 of 2nd period - Off-side.
13:38 of 2nd period - Erik Rasmussen wins face-off versus Jason Williams in neutral zone.
13:47 of 2nd period - Snap shot by Erik Rasmussen.
13:47 of 2nd period - Stopped by Dan Ellis without a rebound.
13:47 of 2nd period - Minor Penalty to Johnny Oduya for Tripping.
13:48 of 2nd period - Jonathan Toews wins face-off versus Doug Weight in Devils zone.
13:51 of 2nd period - Wrist shot by Ilya Kovalchuk.
13:51 of 2nd period - Shot Misses the Net.
14:27 of 2nd period - Marek Zidlicky is hit by Markus Naslund and loses puck.
15:12 of 2nd period - Brad Boyes is hit by Ramzi Abid and loses puck.
15:47 of 2nd period - Penalty to Johnny Oduya is over, Johnny Oduya is back on ice.
15:49 of 2nd period - Wrist shot by Dustin Boyd.
15:49 of 2nd period - Stopped by Cam Ward without a rebound.
15:50 of 2nd period - Andreas Johansson wins face-off versus Jason Williams in Oilers zone.
15:50 of 2nd period - Andreas Johansson is hit by Tomas Holmstrom.
16:28 of 2nd period - Henrik Zetterberg is hit by Steve Montador and loses puck.
17:28 of 2nd period - Pascal Dupuis is hit by Lee Stempniak and loses puck.
17:51 of 2nd period - Rob Scuderi is hit by Sydney Crosby and loses puck.
18:02 of 2nd period - Doug Weight is hit by Rob Scuderi and loses puck.
18:13 of 2nd period - Wrist shot by Erik Rasmussen.
18:13 of 2nd period - Shot Blocked by Marek Zidlicky.
18:15 of 2nd period - Snap shot by Erik Rasmussen.
18:15 of 2nd period - Stopped by Dan Ellis without a rebound.
18:16 of 2nd period - Jonathan Toews wins face-off versus Dustin Boyd in Devils zone.
18:19 of 2nd period - Backhand shot by Ilya Kovalchuk.
18:19 of 2nd period - Goal by Ilya Kovalchuk - Devils : 2 - Oilers : 1.
18:20 of 2nd period - Pavel Datsyuk wins face-off versus Sydney Crosby in neutral zone.
18:23 of 2nd period - Wrist shot by Markus Naslund.
18:23 of 2nd period - Shot Misses the Net.
18:29 of 2nd period - Joe Callahan is hit by Henrik Zetterberg and loses puck.
18:36 of 2nd period - Wrist shot by Sydney Crosby.
18:36 of 2nd period - Shot Misses the Net.
3rd period
0:01 of 3rd period - Pavel Datsyuk wins face-off versus Sydney Crosby in neutral zone.
0:06 of 3rd period - Minor Penalty to Pavel Datsyuk for Roughing.
0:07 of 3rd period - Erik Rasmussen wins face-off versus Ramzi Abid in Oilers zone.
0:16 of 3rd period - Slapshot by Marian Hossa.
0:16 of 3rd period - Shot Blocked by Pascal Dupuis.
0:18 of 3rd period - Slapshot by Ben Lovejoy.
0:18 of 3rd period - Shot Blocked by Steve Montador.
2:06 of 3rd period - Penalty to Pavel Datsyuk is over, Pavel Datsyuk is back on ice.
2:23 of 3rd period - Karel Pilar is hit by Tomas Holmstrom and loses puck.
2:34 of 3rd period - Greg De Vries is hit by Ilya Kovalchuk and loses puck.
2:41 of 3rd period - Wrist shot by Ilya Kovalchuk.
2:41 of 3rd period - Shot Blocked by Peter Prucha.
2:48 of 3rd period - Minor Penalty to Joe Pavelski for Holding.
2:49 of 3rd period - Pavel Datsyuk wins face-off versus Sydney Crosby in Oilers zone.
2:49 of 3rd period - Pavel Datsyuk is hit by Sydney Crosby.
2:59 of 3rd period - Slapshot by Ben Lovejoy.
2:59 of 3rd period - Stopped by Cam Ward with a rebound.
4:48 of 3rd period - Penalty to Joe Pavelski is over, Joe Pavelski is back on ice.
5:00 of 3rd period - Teemu Selanne is hit by Joe Pavelski and loses puck.
5:13 of 3rd period - Slapshot by Brad Boyes.
5:13 of 3rd period - Shot Misses the Net.
5:15 of 3rd period - Wrist shot by Ilya Kovalchuk.
5:15 of 3rd period - Goal by Ilya Kovalchuk - Devils : 2 - Oilers : 2.
5:16 of 3rd period - Sydney Crosby wins face-off versus Jonathan Toews in neutral zone.
5:29 of 3rd period - Wrist shot by Sydney Crosby.
5:29 of 3rd period - Stopped by Cam Ward without a rebound.
5:30 of 3rd period - Jonathan Toews wins face-off versus Sydney Crosby in Oilers zone.
5:41 of 3rd period - Wrist shot by Brad Boyes.
5:41 of 3rd period - Stopped by Dan Ellis without a rebound.
5:42 of 3rd period - Pavel Datsyuk wins face-off versus Sydney Crosby in Devils zone.
5:45 of 3rd period - Backhand shot by Joe Pavelski.
5:45 of 3rd period - Stopped by Dan Ellis with a rebound.
5:47 of 3rd period - Slapshot by Duncan Keith.
5:47 of 3rd period - Shot Misses the Net.
5:49 of 3rd period - Wrist shot by Joe Pavelski.
5:49 of 3rd period - Shot Blocked by François Beauchemin.
5:51 of 3rd period - Wrist shot by Markus Naslund.
5:51 of 3rd period - Shot Misses the Net.
5:53 of 3rd period - Slapshot by Duncan Keith.
5:53 of 3rd period - Stopped by Dan Ellis with a rebound.
5:55 of 3rd period - Snap shot by Duncan Keith.
5:55 of 3rd period - Stopped by Dan Ellis without a rebound.
5:56 of 3rd period - Pavel Datsyuk wins face-off versus Sydney Crosby in Devils zone.
6:23 of 3rd period - Doug Weight is hit by Jonathan Toews.
6:54 of 3rd period - Off-side.
6:55 of 3rd period - Eric Nystrom wins face-off versus Sydney Crosby in neutral zone.
7:42 of 3rd period - Johnny Oduya is hit by Ilya Kovalchuk and loses puck.
7:52 of 3rd period - Off-side.
7:53 of 3rd period - Pavel Datsyuk wins face-off versus Sydney Crosby in neutral zone.
7:56 of 3rd period - Slapshot by Pavel Datsyuk.
7:56 of 3rd period - Stopped by Dan Ellis without a rebound.
7:57 of 3rd period - Marian Hossa wins face-off versus Pavel Datsyuk in Devils zone.
8:41 of 3rd period - Icing by Ben Lovejoy.
8:42 of 3rd period - Erik Rasmussen wins face-off versus Doug Weight in Devils zone.
8:51 of 3rd period - Wrist shot by Peter Prucha.
8:51 of 3rd period - Shot Blocked by Markus Naslund.
8:53 of 3rd period - Wrist shot by Peter Prucha.
8:53 of 3rd period - Stopped by Cam Ward with a rebound.
8:55 of 3rd period - Slapshot by François Beauchemin.
8:55 of 3rd period - Deflect By Ramzi Abid.
8:55 of 3rd period - Shot Misses the Net.
8:55 of 3rd period - Puck is out of play.
8:56 of 3rd period - Jonathan Toews wins face-off versus Sydney Crosby in Oilers zone.
8:56 of 3rd period - Jonathan Toews is hit by Johnny Oduya.
9:04 of 3rd period - Marek Zidlicky is hit by Ilya Kovalchuk and loses puck.
9:08 of 3rd period - Minor Penalty to Henrik Zetterberg for Interference.
9:09 of 3rd period - Jonathan Toews wins face-off versus Doug Weight in Devils zone.
9:24 of 3rd period - Backhand shot by Ilya Kovalchuk.
9:24 of 3rd period - Stopped by Dan Ellis without a rebound.
9:25 of 3rd period - Pavel Datsyuk wins face-off versus Doug Weight in Devils zone.
9:52 of 3rd period - Doug Weight is hit by Brad Boyes and loses puck.
11:08 of 3rd period - Penalty to Henrik Zetterberg is over, Henrik Zetterberg is back on ice.
11:51 of 3rd period - Icing by Henrik Zetterberg.
11:52 of 3rd period - Sydney Crosby wins face-off versus Pavel Datsyuk in Devils zone.
11:56 of 3rd period - Off-side.
11:57 of 3rd period - Pavel Datsyuk wins face-off versus Doug Weight in neutral zone.
12:12 of 3rd period - Snap shot by Peter Prucha.
12:12 of 3rd period - Shot Misses the Net.
12:41 of 3rd period - Marek Zidlicky is hit by Patrick Kaleta and loses puck.
13:12 of 3rd period - Snap shot by Marian Hossa.
13:12 of 3rd period - Stopped by Cam Ward with a rebound.
13:14 of 3rd period - Backhand shot by Sydney Crosby.
13:14 of 3rd period - Deflect By Henrik Zetterberg.
13:14 of 3rd period - Shot Misses the Net.
13:14 of 3rd period - Puck is out of play.
13:15 of 3rd period - Pavel Datsyuk wins face-off versus Doug Weight in Oilers zone.
13:40 of 3rd period - Brad Boyes is hit by Sydney Crosby and loses puck.
13:44 of 3rd period - Minor Penalty to Sydney Crosby for Hooking.
13:45 of 3rd period - Pavel Datsyuk wins face-off versus Doug Weight in Devils zone.
14:20 of 3rd period - Wrist shot by Ian White.
14:20 of 3rd period - Shot Blocked by François Beauchemin.
14:22 of 3rd period - Slapshot by Brad Boyes.
14:22 of 3rd period - Shot Misses the Net.
15:18 of 3rd period - Icing by Ian White.
15:19 of 3rd period - Jonathan Toews wins face-off versus Chris Kunitz in Oilers zone.
15:26 of 3rd period - Johnny Oduya is hit by Pavel Datsyuk and loses puck.
15:44 of 3rd period - Penalty to Sydney Crosby is over, Sydney Crosby is back on ice.
16:03 of 3rd period - Snap shot by Sydney Crosby.
16:03 of 3rd period - Deflect By Teemu Selanne.
16:03 of 3rd period - Shot Misses the Net.
16:03 of 3rd period - Puck is out of play.
16:04 of 3rd period - Jonathan Toews wins face-off versus Sydney Crosby in Oilers zone.
16:15 of 3rd period - Snap shot by Sydney Crosby.
16:15 of 3rd period - Stopped by Cam Ward with a rebound.
16:35 of 3rd period - Snap shot by Teemu Selanne.
16:35 of 3rd period - Goal by Teemu Selanne - Devils : 3 - Oilers : 2.
16:36 of 3rd period - Dustin Boyd wins face-off versus Erik Rasmussen in neutral zone.
16:49 of 3rd period - Snap shot by Dustin Boyd.
16:49 of 3rd period - Shot Misses the Net.
16:51 of 3rd period - Snap shot by Marek Zidlicky.
16:51 of 3rd period - Stopped by Cam Ward with a rebound.
17:26 of 3rd period - Wrist shot by Pavel Datsyuk.
17:26 of 3rd period - Stopped by Dan Ellis with a rebound.
17:28 of 3rd period - Slapshot by Joe Callahan.
17:28 of 3rd period - Shot Misses the Net.
17:30 of 3rd period - Wrist shot by Joe Pavelski.
17:30 of 3rd period - Shot Misses the Net.
17:32 of 3rd period - Snap shot by Joe Pavelski.
17:32 of 3rd period - Shot Misses the Net.
17:34 of 3rd period - Wrist shot by Markus Naslund.
17:34 of 3rd period - Shot Blocked by Doug Weight.
17:36 of 3rd period - Wrist shot by Joe Pavelski.
17:36 of 3rd period - Stopped by Dan Ellis with a rebound.
17:38 of 3rd period - Slapshot by Duncan Keith.
17:38 of 3rd period - Shot Misses the Net.
17:40 of 3rd period - Wrist shot by Duncan Keith.
17:40 of 3rd period - Stopped by Dan Ellis with a rebound.
17:42 of 3rd period - Snap shot by Markus Naslund.
17:42 of 3rd period - Shot Blocked by François Beauchemin.
17:44 of 3rd period - Slapshot by Joe Callahan.
17:44 of 3rd period - Deflect By Doug Weight.
17:44 of 3rd period - Stopped by Dan Ellis with a rebound.
17:46 of 3rd period - Wrist shot by Pavel Datsyuk.
17:46 of 3rd period - Goal by Pavel Datsyuk - Devils : 3 - Oilers : 3.
17:47 of 3rd period - Teemu Selanne wins face-off versus Erik Rasmussen in neutral zone.
17:50 of 3rd period - Slapshot by Johnny Oduya.
17:50 of 3rd period - Stopped by Cam Ward without a rebound.
17:51 of 3rd period - Erik Rasmussen wins face-off versus Dustin Boyd in Oilers zone.
18:20 of 3rd period - Snap shot by Peter Prucha.
18:20 of 3rd period - Stopped by Cam Ward without a rebound.
18:21 of 3rd period - Andreas Johansson wins face-off versus Ramzi Abid in Oilers zone.
18:26 of 3rd period - Snap shot by Duncan Keith.
18:26 of 3rd period - Shot Blocked by Doug Weight.
19:40 of 3rd period - Wrist shot by Ilya Kovalchuk.
19:40 of 3rd period - Shot Misses the Net.
19:42 of 3rd period - Slapshot by Jonathan Toews.
19:42 of 3rd period - Shot Blocked by Matt Smaby.
19:44 of 3rd period - Wrist shot by Jonathan Toews.
19:44 of 3rd period - Stopped by Dan Ellis without a rebound.
19:45 of 3rd period - Doug Weight wins face-off versus Jonathan Toews in Devils zone.
Overtime #1
0:01 of 1st overtime period - Pavel Datsyuk wins face-off versus Doug Weight in neutral zone.
0:08 of 1st overtime period - Wrist shot by Pavel Datsyuk.
0:08 of 1st overtime period - Stopped by Dan Ellis without a rebound.
0:09 of 1st overtime period - Pavel Datsyuk wins face-off versus Doug Weight in Devils zone.
0:30 of 1st overtime period - Slapshot by Johnny Oduya.
0:30 of 1st overtime period - Shot Blocked by Steve Montador.
0:32 of 1st overtime period - Snap shot by Doug Weight.
0:32 of 1st overtime period - Shot Misses the Net.
0:34 of 1st overtime period - Snap shot by Ben Lovejoy.
0:34 of 1st overtime period - Shot Misses the Net.
0:36 of 1st overtime period - Wrist shot by Doug Weight.
0:36 of 1st overtime period - Stopped by Cam Ward with a rebound.
0:38 of 1st overtime period - Slapshot by Johnny Oduya.
0:38 of 1st overtime period - Stopped by Cam Ward without a rebound.
0:39 of 1st overtime period - Doug Weight wins face-off versus Jonathan Toews in Oilers zone.
1:29 of 1st overtime period - Lee Stempniak is hit by Steve Montador and loses puck.
1:55 of 1st overtime period - Ramzi Abid is hit by Pavel Datsyuk and loses puck.
2:57 of 1st overtime period - Icing by Lee Stempniak.
2:58 of 1st overtime period - Lee Stempniak wins face-off versus Jonathan Toews in Devils zone.
4:25 of 1st overtime period - Joe Callahan is hit by Henrik Zetterberg and loses puck.
4:51 of 1st overtime period - Pavel Datsyuk is hit by Sydney Crosby and loses puck.
ShootOut
5:00 of 1st overtime period - Penalty Shot by Sydney Crosby for Devils.
5:00 of 1st overtime period - Backhand shot by Sydney Crosby.
5:00 of 1st overtime period - Stopped by Cam Ward.
5:00 of 1st overtime period - Penalty Shot by Ilya Kovalchuk for Oilers.
5:00 of 1st overtime period - Deke by Ilya Kovalchuk.
5:00 of 1st overtime period - Stopped by Dan Ellis.
5:00 of 1st overtime period - Penalty Shot by Henrik Zetterberg for Devils.
5:00 of 1st overtime period - Snap shot by Henrik Zetterberg.
5:00 of 1st overtime period - Stopped by Cam Ward.
5:00 of 1st overtime period - Penalty Shot by Pavel Datsyuk for Oilers.
5:00 of 1st overtime period - Backhand shot by Pavel Datsyuk.
5:00 of 1st overtime period - Stopped by Dan Ellis.
5:00 of 1st overtime period - Penalty Shot by Marian Hossa for Devils.
5:00 of 1st overtime period - Wrist shot by Marian Hossa.
5:00 of 1st overtime period - Stopped by Cam Ward.
5:00 of 1st overtime period - Penalty Shot by Brad Boyes for Oilers.
5:00 of 1st overtime period - Snap shot by Brad Boyes.
5:00 of 1st overtime period - Goal by Brad Boyes.
Output by the SimonT Hockey Simulator (STHS) for François Prévost -- Original Page W3C XHTML 1.0 Valid